 Dungeon Crawl Stone Soup version 0.31-a0-1338-gb567cfdca4 (webtiles) character file.

Game seed: 9208958617096069312

58 gelatine the Chucker (level 3, 0/25 HPs)
             Began as a Demonspawn Wanderer on Dec 23, 2023.
             Slain by Ijyb
             ... wielding a +0 dagger
              (6 damage)
             ... on level 2 of the Dungeon.
             The game lasted 00:07:42 (1599 turns).

gelatine the Chucker (Demonspawn Wanderer)          Turns: 1599, Time: 00:07:43

Health: 0/25       AC:  0    Str: 27    XL:     3   Next: 76%
Magic:  1/4        EV: 12    Int: 13    God:
Gold:   176        SH:  0    Dex: 12    Spells: 3/4 levels left

rFire   . . .        a - +2 mace
rCold   . . .        (no shield)
rNeg    . . .        e - +0 leather armour
rPois   .            (no helmet)
rElec   .            (no cloak)
rCorr   .            (no gloves)
SInv    .            (no boots)
Will    .....        (no amulet)
Stlth   ++           g - +6 ring of strength
HPRegen 0.24/turn    k - +6 ring of strength
MPRegen 0.09/turn

%: no passive effects
@: corroded
A: thin skeletal structure 1, powered by death 1
a: no special abilities


You were on level 2 of the Dungeon.
You visited 1 branch of the dungeon, and saw 3 of its levels.

You collected 176 gold pieces.

Inventory:

Hand Weapons
 a - a +2 mace (weapon)
 l - a +2 dagger of venom
Missiles
 b - 2 poisoned darts
Armour
 e - a +0 leather armour (worn)
Jewellery
 f - an amulet of faith
 g - a +6 ring of strength (left hand)
 k - a +6 ring of strength (right hand)
 q - a ring of willpower
Talismans
 r - a flux talisman
Scrolls
 c - a scroll of identify {unknown}
 h - a scroll of poison {unknown}
 i - a scroll of fear {unknown}
 n - a scroll of fog {unknown}
Potions
 j - a potion of cancellation {unknown}
 m - a potion of magic {unknown}
 o - a potion of enlightenment {unknown}
 p - a potion of haste {unknown}


   Skills:
 * Level 0.5 Fighting
 + Level 2.2 Maces & Flails
 + Level 2.3 Throwing
 * Level 1.2 Armour
 * Level 2.2 Dodging
 * Level 1.2 Stealth
 * Level 1.0 Spellcasting
 * Level 2.1 Conjurations
 * Level 0.1 Alchemy


You had 3 spell levels left.
You knew the following spells:

 Your Spells              Type           Power      Damage    Failure   Level
a - Sting                 Conj/Alch      12%        1d3       21%         1

Your spell library contained the following spells:

 Spells                   Type           Power      Damage    Failure   Level
 Stone Arrow              Conj/Erth      6%         3d7       52%         3
 Manifold Assault         Tloc           0%         N/A       97%         4
 Dispersal                Tloc           0%         N/A       100%        6
 Disjunction              Tloc           0%         N/A       100%        8


Dungeon Overview and Level Annotations

Branches:
Dungeon (3/15)

Altars:

Annotations:
D:2 Ijyb


Innate Abilities, Weirdness & Mutations

You have a somewhat thin skeletal structure. (Dex +2, Stealth+)
You regenerate a little health from kills.


Message History

There is a stone staircase leading up here.
The helpless Ijyb fails to defend herself.
You hit Ijyb. You punch Ijyb.
Ijyb is moderately wounded.
The ball python hisses angrily.
Ijyb zaps a wand.
The bolt of acid hits you!
Ouch! That really hurt!
The acid corrodes you!
Ijyb zaps a wand.
The bolt of acid misses you.
You climb upwards.
There is a stone staircase leading down here.
You feel much better.
Ijyb zaps a wand.
The bolt of acid hits you!
Ouch! That really hurt!
Casting: Sting (safe; 21% risk of failure)
Confirm with . or Enter, or press ? or * to list all spells.
Aiming: Sting (safe; 21% risk of failure)
Press: ? - help, Shift-Dir - straight line, f - Ijyb
Aim: Ijyb, wielding a +0 dagger, wearing a +0 leather armour of willpower and carrying a wand of acid (moderately wounded, 55% to hit)
The sting hits Ijyb.
Ijyb is poisoned.
Ijyb is moderately wounded.
Ijyb screams, "I cut your head off!" Ijyb hits you with a +0 dagger.
* * * LOW HITPOINT WARNING * * *
Casting: Sting (safe; 21% risk of failure)
Confirm with . or Enter, or press ? or * to list all spells.
Aiming: Sting (safe; 21% risk of failure)
Press: ? - help, Shift-Dir - straight line, f/p - Ijyb
Aim: Ijyb, wielding a +0 dagger, wearing a +0 leather armour of willpower and carrying a wand of acid (heavily wounded, poisoned, 55% to hit)
The sting hits Ijyb but does no damage.
Ijyb looks even sicker.
Ijyb is heavily wounded.
Ijyb closely misses you.
Casting: Sting (safe; 21% risk of failure)
Confirm with . or Enter, or press ? or * to list all spells.
Aiming: Sting (safe; 21% risk of failure)
Press: ? - help, Shift-Dir - straight line, f/p - Ijyb
Aim: Ijyb, wielding a +0 dagger, wearing a +0 leather armour of willpower and carrying a wand of acid (heavily wounded, very poisoned, 55% to hit)
The sting misses Ijyb.
Ijyb screams, "Get away!"
Ijyb hits you with a +0 dagger.
You die...

#......# #.#.#
#......# #.#.##
#......# #.#...
#......# #.####
#......# #.....
#......# ######
#......# #.
#......############.
#..@g...รท......>....
######.############.
###### #.#.......# #.
#....####.#.#####.#
#.
#.......#.#.....#>#
#.
#....##...........#
#.
#########....###.###
#. #..........#.###.#
## #.####.........#.#


You could see Ijyb (very poisoned).

Vanquished Creatures
  2 adders (D:2)
  A worm (D:2)
  2 ball pythons
  4 endoplasms
  2 giant cockroaches
  A goblin (D:2)
  4 hobgoblins
  4 jackals (D:2)
  2 quokkas
  4 bats
  A frilled lizard (D:2)
  2 kobolds (D:1)
  6 rats
35 creatures vanquished.

Notes
Turn   | Place    | Note
-------+----------+-------------------------------------------
     0 | D:1      | gelatine the Demonspawn Wanderer began the quest for the
                  | Orb.
     0 | D:1      | gelatine set off with the following items: a +2 mace, 11
                  | poisoned darts, a +0 dagger, a potion of heal wounds, a +0
                  | leather armour; and the following spell memorised: Sting;
                  | and the following spells available to memorise: Stone
                  | Arrow.
     0 | D:1      | Reached XP level 1. HP: 13/13 MP: 2/2
   221 | D:1      | Gained mutation: You regenerate a little health from kills.
                  | [demonic ancestry]
   221 | D:1      | Reached XP level 2. HP: 19/19 MP: 3/3
   309 | D:1      | Found a faded altar of an unknown god.
   802 | D:2      | Reached skill level 1 in Stealth
   802 | D:2      | Gained mutation: You have a somewhat thin skeletal
                  | structure. (Dex +2, Stealth+) [demonic ancestry]
   802 | D:2      | Reached XP level 3. HP: 16/25 MP: 1/4
  1592 | D:3      | Noticed Ijyb
  1599 | D:2      | Slain by Ijyb

Illustrated notes

Levels and vault maps discovered:
D:1:      erik_arrival_blinker_ship, layout_rooms,
          hellmonk_ecumenical_altar_crossroads
D:2:      layout_basic
D:3:      layout_rooms, kennysheep_generic_room_13, uniq_ijyb

Skill      XL: |  1  2 |
---------------+-------+-----
Maces & Flails | 2 |  2.2
Dodging        | 2 |  2.2
Throwing       | 2 |  2.3
Stealth        | 1 |  1.2
Fighting       | |  0.5
Armour         | |  1.2
Spellcasting   | |  1.0
Conjurations   | |  2.1
Alchemy        | |  0.1

Action                     || total
---------------------------++-------
  Melee: Mace              ||    39
         Punch             ||     2
  Throw: Dart              ||    63
   Cast: Sting             ||    21
    Use: Potion            ||     1
   Stab: Sleeping          ||     1
 Armour: Leather armour    ||    31
  Dodge: Dodged            ||    26

Table legend: (Time is in decaauts)
 A = Elapsed time spent in this place.
 B = Non-inter-level travel time spent in this place.
 C = Inter-level travel time spent in this place.
 D = Time resting spent in this place.
 E = Time spent auto-exploring this place.
 F = Levels seen in this place.
 G = Mean time per level.
                   A        B        C        D        E       F      G
               +--------+--------+--------+--------+--------+-----+--------+
         Total |   1603 |   1562 |     41 |      0 |   1247 |   3 |  534.3 |
       Dungeon |   1603 |   1562 |     41 |      0 |   1247 |   3 |  534.3 |
               +--------+--------+--------+--------+--------+-----+--------+

Top non-repeatable levels by time:
     D:2: 1075 daAuts
     D:1: 525 daAuts
     D:3: 3 daAuts
